 Dungeon Crawl Stone Soup version 0.22.1-1-ga44c0e56f4 (webtiles) character file.

157 Kristenmann the Skirmisher (level 5, -1/46 HPs)
             Began as a Centaur Fighter on Oct 5, 2018.
             Was a Follower of Uskayaw.
             Slain by Sigmund
             ... wielding a +0 scythe
              (12 damage)
             ... on level 3 of the Dungeon.
             The game lasted 00:12:09 (1441 turns).

Kristenmann the Skirmisher (Centaur Fighter)        Turns: 1441, Time: 00:12:12

Health: -1/46      AC:  6    Str: 20    XL:     5   Next: 15%
Magic:  5/5        EV:  6    Int:  7    God:    Uskayaw [*.....]
Gold:   92         SH:  8    Dex:  8    Spells: 4/4 levels left

rFire    . . .     SeeInvis .   i - +1 short sword (vamp)
rCold    . . .     Gourm    .   c - +0 shield
rNeg     . . .     Faith    .   b - +0 scale mail
rPois    .         Spirit   .   (no helmet)
rElec    .         Reflect  .   (no cloak)
rCorr    .         Harm     .   (no gloves)
MR       .....                  (no barding)
Stlth    ..........             o - amulet of magic regeneration
HPRegen  0.15/turn              (no ring)
MPRegen  0.34/turn              (no ring)

@: very quick
A: large, hooves 3, deformed body, speed 2, tough skin 3
a: Stomp, Renounce Religion


You were on level 3 of the Dungeon.
You worshipped Uskayaw.
Uskayaw was noncommittal.
You were not hungry.

You visited 1 branch of the dungeon, and saw 3 of its levels.

You collected 92 gold pieces.

Inventory:

Hand Weapons
 a - a +0 trident
 h - a +0 whip
 i - a +1 vampiric short sword (weapon)
 m - a +0 hunting sling
 u - a +2 quarterstaff of chaos
Missiles
 g - 32 arrows
 k - 17 bolts
 r - 15 poisoned needles
Armour
 b - a +0 scale mail (worn)
 c - a +0 shield (worn)
 e - a +0 leather armour
 v - a +0 cloak
Jewellery
 o - an amulet of magic regeneration (around neck)
Scrolls
 j - 3 scrolls of identify
 n - a scroll of random uselessness {unknown}
 p - 3 scrolls of fear {unknown}
 q - 2 scrolls of teleportation {unknown}
 s - a scroll of amnesia {unknown}
 x - 2 scrolls of magic mapping {unknown}
Potions
 d - a potion of might
 t - a potion of berserk rage {unknown}
 w - a potion of haste {unknown}
Comestibles
 f - 2 rations


   Skills:
 + Level 3.7 Fighting
 + Level 0.1 Short Blades
 + Level 2.7 Polearms
 + Level 2.5 Armour
 + Level 1.0 Dodging
 + Level 3.1 Shields


You had 4 spell levels left.
You didn't know any spells.
Your spell library was empty.

Dungeon Overview and Level Annotations

Branches:
Dungeon (3/15)

Altars:
Uskayaw

Annotations:
D:3 Sigmund


Innate Abilities, Weirdness & Mutations

You have hooves in place of feet.
Armour fits poorly on your strangely shaped body.
You cover ground very quickly.
You have extremely tough skin. (AC +3)


Message History

You can no longer pass through a line of other dancers.
You completely miss Sigmund. Your kick misses Sigmund.
Sigmund is severely wounded.
Sigmund hits you with a scythe.
You barely miss Sigmund. Your kick misses Sigmund.
Sigmund is severely wounded.
You feel less confused. Sigmund hits you but does no damage.
You closely miss Sigmund.
Sigmund is severely wounded.
Sigmund hits you with a scythe.
You barely miss Sigmund. Your kick misses Sigmund.
Sigmund is severely wounded.
You hit Sigmund but do no damage. You kick Sigmund, but do no damage.
Sigmund is severely wounded.
Sigmund casts a spell at you. The puff of flame hits you!
* * * LOW HITPOINT WARNING * * *
Sigmund hits you with a scythe!
You die...

#.#..8†8.8..
########....†......
#...........†...... #
#.########.#.......
#.#..........#_).....
#............#.......
#..................
#######...............#
+(...@@.........8.8.8..
#######...............#
+........+.......
#........########
#........# ##########


You could see Sigmund.

Vanquished Creatures
  Crazy Yiuf (D:2)
  2 orc wizards (D:3)
  An adder (D:3)
  A worm (D:2)
  3 dart slugs (D:1)
  A leopard gecko (D:2)
  3 orcs (D:3)
  3 giant cockroaches
  7 goblins
  4 hobgoblins
  4 jackals
  A quokka (D:3)
  7 bats
  4 frilled lizards
  3 kobolds
  9 rats
54 creatures vanquished.

Notes
Turn   | Place    | Note
-------+----------+-------------------------------------------
     0 | D:1      | Kristenmann the Centaur Fighter began the quest for the
                  | Orb.
     0 | D:1      | Reached XP level 1. HP: 19/19 MP: 1/1
   117 | D:1      | Reached XP level 2. HP: 26/26 MP: 2/2
   353 | D:1      | Reached XP level 3. HP: 26/31 MP: 3/3
  1009 | D:2      | Found a runed door.
  1013 | D:2      | Noticed Crazy Yiuf
  1019 | D:2      | Killed Crazy Yiuf
  1019 | D:2      | Reached XP level 4. HP: 38/38 MP: 4/4
  1304 | D:3      | Reached skill level 1 in Dodging
  1304 | D:3      | Reached XP level 5. HP: 27/46 MP: 5/5
  1374 | D:3      | Found a hide-covered altar of Uskayaw.
  1403 | D:3      | Became a worshipper of Uskayaw the Reveler
  1424 | D:3      | Noticed Sigmund
  1427 | D:3      | Reached * piety under Uskayaw
  1431 | D:3      | Reached ** piety under Uskayaw
  1441 | D:3      | Slain by Sigmund

Skill      XL: |  1  2  3  4 |
---------------+-------------+-----
Polearms       | 2 |  2.7
Shields        | 3 |  3.1
Dodging        | 1 |  1.0
Fighting       | |  3.7
Short Blades   | |  0.1
Armour         | |  2.5

Action                   |  1- 3 |  4- 6 || total
-------------------------+-------+-------++-------
Melee: Trident           |    90 |       ||    90
       Kick              |    16 |    15 ||    31
       Short sword       |    26 |    80 ||   106
Throw: Throwing net      |     1 |     2 ||     3
  Use: Scroll            |     1 |       ||     1
  Eat: Ration            |     1 |     1 ||     2
       Chunk             |       |     1 ||     1
Armor: Scale mail        |    61 |    34 ||    95
Dodge: Dodged            |    23 |    18 ||    41
Block: Shield            |    52 |    26 ||    78
